 Dungeon Crawl Stone Soup version 0.21.0-3-g78d12a8bdd (webtiles) character file.

196 Mirvelgyr the Chopper (level 5, -2/67 HPs)
             Began as a Minotaur Berserker on Jan 10, 2018.
             Was a Believer of Trog.
             Slain by Crazy Yiuf
             ... wielding a +4 quarterstaff of chaos
              (17 damage)
             ... on level 3 of the Dungeon on Jan 12, 2018.
             The game lasted 00:05:21 (2060 turns).

Mirvelgyr the Chopper (Minotaur Berserker)          Turns: 2060, Time: 00:05:22

Health: -2/67      AC:  9    Str: 27    XL:     5   Next: 45%
Magic:  4/4        EV:  9    Int:  4    God:    Trog [**....]
Gold:   214        SH:  0    Dex: 10    Spells: 4/4 levels left

rFire    . . .     SeeInvis .   l - +0 war axe
rCold    . . .     Gourm    .   (no shield)
rNeg     . . .     Faith    .   b - +0 chain mail
rPois    .         Spirit   .   (helmet restricted)
rElec    .         Reflect  .   (no cloak)
rCorr    .         Harm     .   j - +0 pair of gloves
MR       ++...                  (no boots)
Stlth    ..........             (no amulet)
HPRegen  1.21/turn              (no ring)
MPRegen  0.09/turn              (no ring)

@: berserking, regenerating, very quick
A: retaliatory headbutt, horns 2
a: Berserk, Trog's Hand, Burn Spellbooks, Renounce Religion


You were on level 3 of the Dungeon.
You worshipped Trog.
Trog was pleased with you.
You were very hungry.

You visited 1 branch of the dungeon, and saw 3 of its levels.

You collected 214 gold pieces.

Inventory:

Hand Weapons
 l - a +0 war axe (weapon)
Armour
 b - a +0 chain mail (worn)
 j - a +0 pair of gloves (worn)
Jewellery
 m - a cursed amulet of rage {unknown}
Scrolls
 e - 2 scrolls of teleportation {unknown}
 f - 2 scrolls of remove curse {unknown}
 g - a scroll of fog {unknown}
 h - 3 scrolls of magic mapping {unknown}
 i - 5 scrolls of identify {unknown}
Potions
 d - a potion of heal wounds {unknown}
 k - 2 potions of lignification {unknown}
 n - 3 potions of agility {unknown}
Comestibles
 a - 2 chunks of flesh
 c - 6 rations


   Skills:
 - Level 3.6 Fighting
 + Level 7.5 Axes
 - Level 2.4 Armour
 - Level 2.1 Dodging


You had 4 spell levels left.
You didn't know any spells.

Dungeon Overview and Level Annotations

Branches:
Dungeon (3/15)

Altars:

Annotations:
D:3 Crazy Yiuf


Innate Abilities, Weirdness & Mutations

You reflexively headbutt those who attack you in melee.
You have a pair of horns on your head.


Message History

Crazy Yiuf shouts!
Found a mace.
Your skin crawls.
You feel resistant to hostile enchantments.
You are feeling hungry.
Crazy Yiuf hits you with a quarterstaff of chaos!
There is an open door here.
You closely miss Crazy Yiuf.
Crazy Yiuf says, "Race infinity water!"
Crazy Yiuf hits you with a quarterstaff of chaos.
You are electrocuted!
You are too injured to fight recklessly!
You are too injured to fight recklessly!
A red film seems to cover your vision as you go berserk!
You feel yourself moving faster!
You feel mighty!
You are feeling very hungry.
Crazy Yiuf hits you with a quarterstaff of chaos!
* * * LOW HITPOINT WARNING * * *
Space warps horribly around you!
You die...

#....#
##.###..
#....#
#...[..#
#...##
#.#.####
##.##
#####.#.#
#.##
#..##.#.#
##.#
#.....#.####
#.##
#..####.#...
##.#
#..####.....
#@#
#..#.>...)..
#.g.#
##...##.....
#...#
######.....
#..)# ##..[.
##### ##...
#.## #.#
#.## #...


You could see Crazy Yiuf.

Vanquished Creatures
  An orc priest (D:3)
  An orc wizard (D:3)
  Jessica (D:3)
  3 adders
  2 oozes (D:3)
  2 worms
  3 dart slugs
  3 leopard geckos
  4 orcs (D:3)
  3 bats
  5 hobgoblins
  2 jackals (D:3)
  A quokka (D:2)
  6 frilled lizards
  7 goblins
  11 kobolds
  8 rats
63 creatures vanquished.

Notes
Turn   | Place    | Note
-------+----------+-------------------------------------------
     0 | D:1      | Mirvelgyr the Minotaur Berserker began the quest for the Orb.
     0 | D:1      | Reached XP level 1. HP: 19/19 MP: 0/0
    61 | D:1      | Reached skill level 4 in Axes
   218 | D:1      | Reached XP level 2. HP: 26/26 MP: 1/1
   819 | D:2      | Reached skill level 5 in Axes
   862 | D:2      | Reached XP level 3. HP: 31/31 MP: 2/2
   866 | D:2      | Reached ** piety under Trog
  1360 | D:3      | Noticed Jessica
  1372 | D:3      | Killed Jessica
  1372 | D:3      | Reached skill level 6 in Axes
  1372 | D:3      | Reached XP level 4. HP: 39/39 MP: 3/3
  1406 | D:3      | Reached skill level 7 in Axes
  1406 | D:3      | Reached XP level 5. HP: 45/45 MP: 4/4
  1473 | D:3      | Found a runed door.
  2056 | D:3      | Noticed Crazy Yiuf
  2060 | D:3      | Slain by Crazy Yiuf

Skill      XL: |  1  2  3  4 |
---------------+-------------+-----
Axes           | 4 5 6 7 |  7.5
Fighting       | |  3.6
Armour         | |  2.4
Dodging        | |  2.1

Action                   |  1- 3 |  4- 6 || total
-------------------------+-------+-------++-------
Melee: Hand axe          |    89 |    17 ||   106
       Headbutt          |    13 |    12 ||    25
       War axe           |       |    30 ||    30
Invok: Trog's Hand       |     1 |     2 ||     3
       Berserk           |       |     2 ||     2
  Eat: Chunk             |     1 |     4 ||     5
Armor: Leather armour    |     3 |       ||     3
       Animal skin       |     1 |       ||     1
       Ring mail         |    26 |     3 ||    29
       Chain mail        |       |    15 ||    15
Dodge: Dodged            |    42 |    27 ||    69
